[ PARTIDA AOE2 · #477914695 ]
UnrankedChinos vs Cumans
[ ANÁLISIS DE REPETICIÓN · EXTRAÍDO DE LA PARTIDA GRABADA ]
Feudal
13:03
Castillos
16:48
Imperial
—
| APM promedio | 41.7 |
| APM pico | 85 |
| eAPM promedio | 22.4 |
| Aldeanos / militares | 131 / 22 |
Foco
⚔️ 22.1% · 🌾 77.9%
Fishing Ship ×25 · Fire Galley ×22 · Trade Cart ×3
Feudal
12:25
Castillos
—
Imperial
—
| APM promedio | 31.8 |
| APM pico | 63 |
| eAPM promedio | 16.9 |
| Aldeanos / militares | 78 / 8 |
Foco
⚔️ 35.5% · 🌾 64.5%
Battering Ram ×6 · Fishing Ship ×5 · Fire Galley ×2
Feudal
13:04
Castillos
20:03
Imperial
—
| APM promedio | 36.5 |
| APM pico | 74 |
| eAPM promedio | 17.3 |
| Aldeanos / militares | 47 / 21 |
Foco
⚔️ 34.3% · 🌾 65.7%
Jaguar Warrior ×14 · Fishing Ship ×8 · Galley ×7 · Unknown (2626) ×5
Feudal
12:42
Castillos
16:19
Imperial
—
| APM promedio | 48.6 |
| APM pico | 84 |
| eAPM promedio | 21.3 |
| Aldeanos / militares | 68 / 15 |
Foco
⚔️ 25.2% · 🌾 74.8%
Fishing Ship ×10 · Battering Ram ×7 · Keshik ×5 · Monk ×3
Feudal
13:48
Castillos
19:19
Imperial
—
| APM promedio | 31.7 |
| APM pico | 63 |
| eAPM promedio | 15.6 |
| Aldeanos / militares | 49 / 28 |
Foco
⚔️ 16.2% · 🌾 83.8%
Galley ×28 · Fishing Ship ×16 · Trade Cog ×4
Feudal
15:51
Castillos
20:36
Imperial
—
| APM promedio | 43.3 |
| APM pico | 79 |
| eAPM promedio | 22.5 |
| Aldeanos / militares | 50 / 16 |
Foco
⚔️ 25.7% · 🌾 74.3%
Fishing Ship ×18 · Flemish Militia ×11 · Battering Ram ×3 · Mangonel ×2
Feudal
15:04
Castillos
18:37
Imperial
—
| APM promedio | 38.2 |
| APM pico | 87 |
| eAPM promedio | 18.3 |
| Aldeanos / militares | 56 / 20 |
Foco
⚔️ 31.6% · 🌾 68.4%
Fishing Ship ×17 · Conquistador ×15 · Fire Galley ×2 · Mangonel ×1 · Scorpion ×1 · Battering Ram ×1
Feudal
14:06
Castillos
17:56
Imperial
—
| APM promedio | 46.7 |
| APM pico | 91 |
| eAPM promedio | 19.7 |
| Aldeanos / militares | 47 / 54 |
Foco
⚔️ 45.5% · 🌾 54.5%
Archer ×51 · Fishing Ship ×14 · Mangonel ×3
Mapa de la partida
Recursos iniciales + cada clic de construcción. Líneas = muros · curvas = relieve. ◆ oro · ⬟ piedra · ● bayas · ✦ reliquia · ◌ hueco del cierre
Tu base· Abierta — hueco de 9t
Base de ARKINE· Abierta — flanco sin cerrar
Base de Kaarlos· Abierta — hueco de 4t
Base de Croccia· Abierta — flanco sin cerrar
Base de LETHUY QB· Abierta — flanco sin cerrar
Base de 30Markus· ✓ Cerrada en 20:36 · 7t muro · 1 puerta(s) · frágil
Base de ....· Abierta — hueco de 6t
Base de Pyrrhos· ✓ Cerrada en 17:56 · 67t muro · frágil
Terreno inicial suavizado · ◌ = hueco del cierre detectado · pasá el cursor para detalles
Inputs por minuto
— weski - - ARKINE
Build order — weski
Primeras 150 de 278 acciones detectadas
| 0:03 | Construir | Town Center |
| 1:18 | Construir | Dock |
| 2:31 | Investigar | Loom |
| 2:31 | Investigar | Loom |
| 3:32 | Crear | Fishing Ship |
| 3:32 | Crear | Fishing Ship |
| 3:32 | Crear | Fishing Ship |
| 3:37 | Crear | Villager (Male) |
| 3:38 | Crear | Villager (Male) |
| 4:24 | Crear | Villager (Male) |
| 4:41 | Crear | Villager (Male) |
| 4:42 | Crear | Villager (Male) |
| 4:46 | Crear | Fishing Ship |
| 4:46 | Crear | Fishing Ship |
| 5:04 | Crear | Villager (Male) |
| 5:04 | Crear | Villager (Male) |
| 5:27 | Crear | Villager (Male) |
| 5:27 | Crear | Villager (Male) |
| 5:44 | Crear | Fishing Ship |
| 5:44 | Crear | Fishing Ship |
| 5:50 | Crear | Villager (Male) |
| 5:50 | Crear | Villager (Male) |
| 5:51 | Crear | Villager (Male) |
| 6:01 | Construir | House |
| 6:13 | Crear | Villager (Male) |
| 6:14 | Crear | Villager (Male) |
| 6:41 | Crear | Villager (Male) |
| 6:41 | Crear | Villager (Male) |
| 6:42 | Crear | Fishing Ship |
| 6:43 | Crear | Fishing Ship |
| 6:53 | Crear | Villager (Male) |
| 6:53 | Crear | Villager (Male) |
| 7:20 | Construir | House |
| 7:21 | Crear | Villager (Male) |
| 7:22 | Crear | Villager (Male) |
| 7:27 | Crear | Fishing Ship |
| 7:28 | Crear | Fishing Ship |
| 7:47 | Crear | Villager (Male) |
| 7:47 | Crear | Villager (Male) |
| 7:49 | Crear | Villager (Male) |
| 7:49 | Crear | Villager (Male) |
| 7:53 | Construir | House |
| 8:01 | Crear | Villager (Male) |
| 8:01 | Crear | Villager (Male) |
| 8:06 | Crear | Fishing Ship |
| 8:17 | Crear | Villager (Male) |
| 8:18 | Crear | Villager (Male) |
| 8:24 | Construir | House |
| 8:29 | Crear | Villager (Male) |
| 8:29 | Crear | Villager (Male) |
| 8:45 | Crear | Villager (Male) |
| 8:45 | Crear | Villager (Male) |
| 8:48 | Construir | House |
| 8:59 | Crear | Villager (Male) |
| 9:00 | Crear | Villager (Male) |
| 9:01 | Crear | Fishing Ship |
| 9:18 | Crear | Villager (Male) |
| 9:38 | Construir | Mill |
| 9:42 | Crear | Villager (Male) |
| 10:30 | Construir | Mining Camp |
| 10:37 | Crear | Villager (Male) |
| 10:49 | Construir | Dock |
| 10:53 | Investigar | Feudal Age |
| 10:53 | Investigar | Feudal Age |
| 11:17 | Crear | Villager (Male) |
| 11:17 | Crear | Villager (Male) |
| 11:51 | Crear | Villager (Male) |
| 13:03 | Edad | Edad Feudal |
| 13:12 | Construir | Market |
| 13:15 | Construir | Blacksmith |
| 13:17 | Construir | House |
| 13:53 | Construir | House |
| 13:59 | Construir | Stone Wall |
| 14:08 | Investigar | Castle Age |
| 14:09 | Investigar | Castle Age |
| 14:25 | Construir | Lumber Camp |
| 14:49 | Investigar | Town Watch |
| 14:58 | Construir | House |
| 15:08 | Investigar | Double-Bit Axe |
| 15:09 | Investigar | Double-Bit Axe |
| 15:15 | Construir | Dock |
| 15:18 | Investigar | Tech 906 |
| 15:18 | Investigar | Tech 906 |
| 15:31 | Crear | Villager (Male) |
| 15:50 | Crear | Fire Galley |
| 15:50 | Crear | Fire Galley |
| 15:53 | Crear | Fire Galley |
| 16:10 | Crear | Villager (Male) |
| 16:28 | Construir | Gate |
| 16:31 | Construir | Stone Wall |
| 16:31 | Construir | Stone Wall |
| 16:33 | Construir | Stone Wall |
| 16:33 | Construir | Stone Wall |
| 16:48 | Edad | Edad de los Castillos |
| 16:51 | Construir | Town Center |
| 17:02 | Investigar | War Galley (upgrade) |
| 17:02 | Investigar | War Galley (upgrade) |
| 17:22 | Crear | Fire Galley |
| 17:22 | Crear | Fire Galley |
| 17:29 | Crear | Fire Galley |
| 17:30 | Crear | Fire Galley |
| 17:31 | Construir | House |
| 17:48 | Crear | Villager (Male) |
| 18:04 | Crear | Villager (Male) |
| 18:04 | Crear | Villager (Male) |
| 18:14 | Crear | Villager (Male) |
| 18:14 | Crear | Villager (Male) |
| 18:14 | Crear | Villager (Male) |
| 18:23 | Crear | Villager (Male) |
| 18:28 | Construir | Mining Camp |
| 18:34 | Crear | Fire Galley |
| 18:35 | Crear | Fire Galley |
| 18:39 | Crear | Fire Galley |
| 18:40 | Crear | Fire Galley |
| 18:40 | Crear | Fire Galley |
| 18:47 | Crear | Villager (Male) |
| 18:47 | Crear | Villager (Male) |
| 19:17 | Crear | Villager (Male) |
| 19:22 | Construir | University |
| 19:25 | Crear | Villager (Male) |
| 19:40 | Crear | Fire Galley |
| 19:40 | Crear | Fire Galley |
| 19:40 | Crear | Fire Galley |
| 19:41 | Crear | Fire Galley |
| 19:55 | Crear | Villager (Male) |
| 19:56 | Crear | Villager (Male) |
| 20:01 | Construir | House |
| 20:01 | Construir | House |
| 20:17 | Crear | Fire Galley |
| 20:18 | Crear | Fire Galley |
| 20:18 | Crear | Fire Galley |
| 20:53 | Crear | Fire Galley |
| 20:53 | Crear | Fire Galley |
| 20:53 | Crear | Fire Galley |
| 21:05 | Crear | Villager (Male) |
| 21:05 | Crear | Villager (Male) |
| 21:05 | Crear | Villager (Male) |
| 21:07 | Crear | Villager (Male) |
| 21:08 | Crear | Villager (Male) |
| 21:15 | Investigar | Careening |
| 21:15 | Investigar | Careening |
| 21:26 | Crear | Villager (Male) |
| 21:31 | Construir | Town Center |
| 22:05 | Crear | Villager (Male) |
| 22:05 | Crear | Villager (Male) |
| 22:06 | Crear | Villager (Male) |
| 22:11 | Construir | Mill |
| 22:17 | Investigar | Bow Saw |
| 22:17 | Investigar | Bow Saw |
| 22:51 | Crear | Villager (Male) |
Build order — ARKINE
Primeras 150 de 171 acciones detectadas
| 0:09 | Construir | Town Center |
| 1:52 | Construir | Dock |
| 2:27 | Construir | House |
| 2:37 | Crear | Villager (Male) |
| 2:37 | Crear | Villager (Male) |
| 2:38 | Crear | Villager (Male) |
| 2:38 | Crear | Villager (Male) |
| 2:38 | Crear | Villager (Male) |
| 3:57 | Crear | Fishing Ship |
| 4:22 | Investigar | Loom |
| 4:22 | Investigar | Loom |
| 5:02 | Construir | House |
| 5:04 | Crear | Villager (Male) |
| 5:04 | Crear | Villager (Male) |
| 5:06 | Crear | Villager (Male) |
| 5:06 | Crear | Villager (Male) |
| 5:48 | Crear | Villager (Male) |
| 5:49 | Crear | Villager (Male) |
| 5:49 | Crear | Villager (Male) |
| 6:18 | Crear | Villager (Male) |
| 6:19 | Crear | Villager (Male) |
| 6:20 | Crear | Fishing Ship |
| 6:36 | Construir | House |
| 7:12 | Crear | Villager (Male) |
| 7:12 | Crear | Villager (Male) |
| 7:13 | Crear | Villager (Male) |
| 7:13 | Crear | Villager (Male) |
| 7:35 | Crear | Fishing Ship |
| 8:15 | Crear | Villager (Male) |
| 8:30 | Construir | House |
| 8:45 | Construir | Lumber Camp |
| 8:48 | Crear | Villager (Male) |
| 8:48 | Crear | Villager (Male) |
| 9:08 | Construir | Palisade Wall |
| 9:09 | Construir | Palisade Wall |
| 9:10 | Construir | Palisade Wall |
| 9:13 | Crear | Villager (Male) |
| 9:14 | Crear | Fishing Ship |
| 9:36 | Crear | Villager (Male) |
| 10:00 | Crear | Fishing Ship |
| 10:15 | Investigar | Feudal Age |
| 10:16 | Investigar | Feudal Age |
| 10:46 | Construir | Palisade Wall |
| 10:50 | Construir | Palisade Wall |
| 11:08 | Crear | Villager (Male) |
| 11:31 | Construir | Palisade Wall |
| 11:41 | Construir | Mill |
| 12:23 | Crear | Villager (Male) |
| 12:23 | Crear | Villager (Male) |
| 12:25 | Edad | Edad Feudal |
| 12:28 | Construir | Town Center |
| 12:39 | Investigar | Double-Bit Axe |
| 12:41 | Construir | House |
| 12:55 | Construir | House |
| 12:59 | Investigar | Town Watch |
| 12:59 | Investigar | Town Watch |
| 13:08 | Construir | Palisade Wall |
| 13:25 | Crear | Villager (Male) |
| 13:26 | Crear | Villager (Male) |
| 13:27 | Crear | Villager (Male) |
| 13:35 | Construir | House |
| 14:10 | Crear | Villager (Male) |
| 14:23 | Construir | House |
| 14:25 | Construir | Palisade Wall |
| 14:29 | Crear | Villager (Male) |
| 14:36 | Crear | Villager (Male) |
| 14:52 | Construir | Mining Camp |
| 15:15 | Crear | Villager (Male) |
| 15:34 | Crear | Villager (Male) |
| 15:47 | Construir | House |
| 15:54 | Crear | Fire Galley |
| 15:56 | Crear | Villager (Male) |
| 15:59 | Crear | Villager (Male) |
| 16:05 | Construir | Mining Camp |
| 16:06 | Crear | Villager (Male) |
| 16:11 | Construir | Watch Tower |
| 16:18 | Construir | Outpost |
| 16:36 | Construir | Outpost |
| 16:38 | Crear | Villager (Male) |
| 16:51 | Construir | Outpost |
| 16:58 | Crear | Villager (Male) |
| 17:04 | Construir | Blacksmith |
| 17:27 | Crear | Villager (Male) |
| 17:37 | Construir | Watch Tower |
| 17:41 | Crear | Villager (Male) |
| 17:54 | Construir | Palisade Wall |
| 17:59 | Crear | Villager (Male) |
| 18:08 | Crear | Fire Galley |
| 18:10 | Crear | Villager (Male) |
| 18:20 | Construir | Palisade Wall |
| 18:34 | Crear | Villager (Male) |
| 18:38 | Crear | Villager (Male) |
| 18:47 | Construir | Watch Tower |
| 18:54 | Crear | Villager (Male) |
| 18:57 | Crear | Villager (Male) |
| 19:08 | Construir | Siege Workshop |
| 19:09 | Crear | Villager (Male) |
| 19:33 | Investigar | Fletching |
| 19:33 | Investigar | Fletching |
| 19:35 | Crear | Villager (Male) |
| 19:40 | Construir | Watch Tower |
| 19:55 | Crear | Battering Ram |
| 20:01 | Crear | Villager (Male) |
| 20:14 | Crear | Battering Ram |
| 20:16 | Crear | Villager (Male) |
| 20:26 | Crear | Villager (Male) |
| 20:47 | Construir | Palisade Wall |
| 20:57 | Crear | Villager (Male) |
| 21:23 | Crear | Villager (Male) |
| 21:29 | Crear | Villager (Male) |
| 21:41 | Construir | Watch Tower |
| 21:44 | Crear | Villager (Male) |
| 21:50 | Construir | Farm |
| 21:51 | Construir | House |
| 21:54 | Crear | Villager (Male) |
| 21:54 | Crear | Villager (Male) |
| 22:09 | Construir | Palisade Wall |
| 22:10 | Construir | Palisade Wall |
| 22:12 | Construir | Palisade Wall |
| 22:34 | Construir | Watch Tower |
| 22:54 | Crear | Villager (Male) |
| 22:55 | Crear | Villager (Male) |
| 22:55 | Crear | Villager (Male) |
| 23:07 | Crear | Villager (Male) |
| 23:10 | Construir | Farm |
| 23:12 | Construir | Farm |
| 23:14 | Crear | Villager (Male) |
| 23:14 | Crear | Villager (Male) |
| 23:15 | Crear | Villager (Male) |
| 23:32 | Crear | Villager (Male) |
| 23:32 | Crear | Villager (Male) |
| 23:36 | Crear | Battering Ram |
| 23:40 | Crear | Villager (Male) |
| 23:50 | Crear | Villager (Male) |
| 24:04 | Crear | Villager (Male) |
| 24:41 | Crear | Villager (Male) |
| 24:44 | Construir | House |
| 24:45 | Construir | House |
| 24:46 | Construir | House |
| 24:47 | Construir | House |
| 24:47 | Construir | House |
| 25:04 | Construir | Farm |
| 25:04 | Construir | Farm |
| 25:05 | Construir | Farm |
| 25:05 | Construir | Farm |
| 25:05 | Construir | Farm |
| 25:06 | Construir | Farm |
| 25:06 | Construir | Farm |
| 25:07 | Construir | Farm |
| 25:07 | Construir | Farm |
Build order — Kaarlos
128 acciones detectadas en el replay
| 0:06 | Construir | Town Center |
| 0:31 | Construir | Dock |
| 2:06 | Construir | House |
| 2:29 | Crear | Villager (Male) |
| 2:29 | Crear | Villager (Male) |
| 2:30 | Crear | Villager (Male) |
| 2:30 | Crear | Villager (Male) |
| 3:16 | Crear | Fishing Ship |
| 3:44 | Crear | Villager (Male) |
| 3:44 | Crear | Villager (Male) |
| 4:05 | Construir | House |
| 4:17 | Construir | House |
| 4:26 | Investigar | Loom |
| 4:30 | Crear | Fishing Ship |
| 4:57 | Crear | Villager (Male) |
| 4:57 | Crear | Villager (Male) |
| 5:28 | Crear | Villager (Male) |
| 5:29 | Crear | Villager (Male) |
| 5:43 | Crear | Fishing Ship |
| 5:45 | Crear | Villager (Male) |
| 5:46 | Crear | Villager (Male) |
| 6:01 | Construir | House |
| 6:07 | Crear | Villager (Male) |
| 6:07 | Crear | Villager (Male) |
| 6:29 | Crear | Fishing Ship |
| 6:39 | Crear | Villager (Male) |
| 6:39 | Crear | Villager (Male) |
| 6:52 | Crear | Villager (Male) |
| 6:52 | Crear | Villager (Male) |
| 7:12 | Construir | House |
| 7:17 | Crear | Villager (Male) |
| 7:17 | Crear | Villager (Male) |
| 7:27 | Crear | Fishing Ship |
| 7:29 | Crear | Villager (Male) |
| 7:46 | Crear | Villager (Male) |
| 8:03 | Crear | Fishing Ship |
| 8:09 | Construir | House |
| 8:21 | Crear | Villager (Male) |
| 8:44 | Construir | House |
| 8:45 | Crear | Fishing Ship |
| 8:58 | Crear | Villager (Male) |
| 9:13 | Crear | Villager (Male) |
| 9:28 | Crear | Fishing Ship |
| 9:29 | Crear | Villager (Male) |
| 9:59 | Construir | Lumber Camp |
| 10:00 | Crear | Villager (Male) |
| 10:34 | Construir | Mining Camp |
| 10:45 | Investigar | Feudal Age |
| 11:31 | Construir | Dock |
| 11:33 | Crear | Villager (Male) |
| 12:11 | Crear | Villager (Male) |
| 13:04 | Edad | Edad Feudal |
| 13:07 | Crear | Galley |
| 13:07 | Crear | Galley |
| 13:07 | Crear | Galley |
| 13:09 | Investigar | Double-Bit Axe |
| 13:15 | Construir | Blacksmith |
| 13:20 | Crear | Galley |
| 13:21 | Crear | Galley |
| 13:30 | Construir | House |
| 13:37 | Construir | House |
| 13:42 | Crear | Villager (Male) |
| 14:00 | Crear | Galley |
| 14:01 | Crear | Galley |
| 14:06 | Construir | House |
| 14:11 | Construir | House |
| 14:24 | Investigar | Fletching |
| 14:40 | Crear | Villager (Male) |
| 14:49 | Crear | Villager (Male) |
| 15:01 | Crear | Villager (Male) |
| 15:05 | Construir | House |
| 15:12 | Investigar | Tech 906 |
| 15:13 | Investigar | Tech 906 |
| 15:18 | Construir | Mill |
| 15:23 | Crear | Villager (Male) |
| 15:34 | Crear | Villager (Male) |
| 15:45 | Construir | House |
| 16:09 | Construir | Market |
| 16:36 | Crear | Villager (Male) |
| 16:48 | Construir | House |
| 16:50 | Construir | House |
| 16:51 | Construir | Palisade Wall |
| 17:23 | Investigar | Castle Age |
| 18:30 | Construir | Mining Camp |
| 18:36 | Construir | Stone Wall |
| 18:37 | Construir | Stone Wall |
| 18:38 | Construir | Stone Wall |
| 18:40 | Construir | Stone Wall |
| 18:51 | Construir | House |
| 18:54 | Construir | Stone Wall |
| 18:55 | Construir | Gate |
| 19:08 | Crear | Unit 2626 |
| 19:09 | Crear | Unit 2626 |
| 19:09 | Crear | Unit 2626 |
| 19:09 | Crear | Unit 2626 |
| 19:09 | Crear | Unit 2626 |
| 19:24 | Investigar | Forging |
| 19:24 | Investigar | Forging |
| 19:37 | Crear | Villager (Male) |
| 19:53 | Crear | Villager (Male) |
| 20:03 | Edad | Edad de los Castillos |
| 20:14 | Construir | Castle |
| 20:39 | Crear | Villager (Male) |
| 21:07 | Construir | Lumber Camp |
| 21:11 | Crear | Villager (Male) |
| 21:11 | Crear | Villager (Male) |
| 22:17 | Crear | Jaguar Warrior |
| 22:18 | Crear | Jaguar Warrior |
| 22:18 | Crear | Jaguar Warrior |
| 22:35 | Crear | Jaguar Warrior |
| 22:36 | Crear | Jaguar Warrior |
| 24:40 | Construir | Town Center |
| 25:35 | Crear | Villager (Male) |
| 25:35 | Crear | Villager (Male) |
| 25:36 | Crear | Villager (Male) |
| 25:45 | Crear | Villager (Male) |
| 25:46 | Crear | Villager (Male) |
| 26:16 | Crear | Villager (Male) |
| 26:31 | Construir | Dock |
| 26:43 | Crear | Jaguar Warrior |
| 26:43 | Crear | Jaguar Warrior |
| 27:05 | Crear | Jaguar Warrior |
| 27:05 | Crear | Jaguar Warrior |
| 27:32 | Crear | Jaguar Warrior |
| 27:32 | Crear | Jaguar Warrior |
| 27:32 | Crear | Jaguar Warrior |
| 27:46 | Crear | Jaguar Warrior |
| 27:46 | Crear | Jaguar Warrior |
Build order — Croccia
142 acciones detectadas en el replay
| 0:19 | Construir | Town Center |
| 1:00 | Construir | Dock |
| 1:18 | Construir | House |
| 1:20 | Construir | Palisade Wall |
| 2:41 | Crear | Villager (Male) |
| 2:41 | Crear | Villager (Male) |
| 2:41 | Crear | Villager (Male) |
| 3:04 | Crear | Villager (Male) |
| 3:04 | Crear | Villager (Male) |
| 3:45 | Crear | Fishing Ship |
| 3:45 | Crear | Fishing Ship |
| 3:45 | Crear | Fishing Ship |
| 4:02 | Crear | Villager (Male) |
| 4:02 | Crear | Villager (Male) |
| 4:25 | Construir | House |
| 4:46 | Investigar | Loom |
| 5:11 | Crear | Villager (Male) |
| 5:11 | Crear | Villager (Male) |
| 5:13 | Crear | Fishing Ship |
| 5:13 | Crear | Fishing Ship |
| 5:44 | Crear | Villager (Male) |
| 5:44 | Crear | Villager (Male) |
| 5:48 | Crear | Fishing Ship |
| 5:48 | Crear | Fishing Ship |
| 5:48 | Crear | Fishing Ship |
| 6:14 | Construir | House |
| 6:17 | Construir | House |
| 6:21 | Crear | Villager (Male) |
| 6:21 | Crear | Villager (Male) |
| 6:21 | Crear | Villager (Male) |
| 6:33 | Crear | Villager (Male) |
| 6:33 | Crear | Villager (Male) |
| 6:34 | Crear | Villager (Male) |
| 7:06 | Crear | Villager (Male) |
| 7:06 | Crear | Villager (Male) |
| 7:10 | Crear | Fishing Ship |
| 7:39 | Crear | Villager (Male) |
| 7:39 | Crear | Villager (Male) |
| 7:39 | Crear | Villager (Male) |
| 7:57 | Construir | House |
| 7:58 | Crear | Fishing Ship |
| 8:25 | Construir | Mill |
| 8:30 | Crear | Villager (Male) |
| 8:30 | Crear | Villager (Male) |
| 8:30 | Crear | Villager (Male) |
| 8:38 | Crear | Villager (Male) |
| 8:55 | Crear | Villager (Male) |
| 8:55 | Crear | Villager (Male) |
| 8:55 | Crear | Villager (Male) |
| 8:55 | Crear | Villager (Male) |
| 9:19 | Crear | Villager (Male) |
| 9:19 | Crear | Villager (Male) |
| 9:19 | Crear | Villager (Male) |
| 9:20 | Crear | Villager (Male) |
| 10:27 | Investigar | Feudal Age |
| 10:27 | Investigar | Feudal Age |
| 10:27 | Investigar | Feudal Age |
| 11:29 | Construir | House |
| 11:56 | Construir | Palisade Wall |
| 12:19 | Crear | Villager (Male) |
| 12:29 | Crear | Villager (Male) |
| 12:42 | Edad | Edad Feudal |
| 12:45 | Construir | Market |
| 12:47 | Construir | Blacksmith |
| 13:16 | Construir | Palisade Wall |
| 13:23 | Construir | Palisade Wall |
| 13:39 | Investigar | Castle Age |
| 13:40 | Investigar | Castle Age |
| 13:45 | Construir | Mining Camp |
| 15:01 | Construir | Outpost |
| 15:07 | Construir | Palisade Wall |
| 15:14 | Investigar | Town Watch |
| 16:19 | Edad | Edad de los Castillos |
| 16:27 | Crear | Villager (Male) |
| 16:38 | Crear | Villager (Male) |
| 16:49 | Construir | Castle |
| 16:51 | Construir | Palisade Wall |
| 16:54 | Construir | Palisade Gate |
| 17:01 | Crear | Villager (Male) |
| 17:15 | Investigar | Fletching |
| 17:15 | Investigar | Fletching |
| 17:16 | Crear | Villager (Male) |
| 17:26 | Construir | Mining Camp |
| 17:36 | Construir | Lumber Camp |
| 18:00 | Crear | Villager (Male) |
| 18:11 | Crear | Villager (Male) |
| 18:14 | Investigar | Double-Bit Axe |
| 18:37 | Crear | Villager (Male) |
| 18:49 | Construir | Outpost |
| 18:54 | Construir | Outpost |
| 19:10 | Construir | Palisade Wall |
| 19:12 | Crear | Villager (Male) |
| 19:16 | Crear | Keshik |
| 19:16 | Crear | Keshik |
| 19:48 | Crear | Villager (Male) |
| 19:58 | Crear | Keshik |
| 20:10 | Crear | Villager (Male) |
| 20:33 | Crear | Keshik |
| 21:02 | Crear | Villager (Male) |
| 21:05 | Crear | Villager (Male) |
| 21:15 | Construir | Siege Workshop |
| 21:22 | Crear | Keshik |
| 21:26 | Crear | Villager (Male) |
| 21:59 | Crear | Battering Ram |
| 21:59 | Crear | Battering Ram |
| 22:00 | Crear | Villager (Male) |
| 22:02 | Construir | House |
| 22:02 | Construir | House |
| 22:36 | Crear | Villager (Male) |
| 22:40 | Crear | Villager (Male) |
| 23:01 | Construir | Monastery |
| 23:02 | Crear | Villager (Male) |
| 23:04 | Crear | Villager (Male) |
| 23:10 | Investigar | Bow Saw |
| 23:16 | Crear | Battering Ram |
| 23:17 | Crear | Battering Ram |
| 23:21 | Investigar | Scale Barding Armor |
| 23:22 | Investigar | Scale Barding Armor |
| 23:22 | Crear | Villager (Male) |
| 23:27 | Crear | Villager (Male) |
| 23:29 | Construir | House |
| 23:29 | Construir | House |
| 23:49 | Crear | Monk |
| 23:51 | Construir | House |
| 23:52 | Construir | House |
| 23:54 | Crear | Villager (Male) |
| 24:00 | Crear | Battering Ram |
| 24:06 | Crear | Villager (Male) |
| 24:29 | Crear | Villager (Male) |
| 24:46 | Crear | Battering Ram |
| 24:46 | Crear | Villager (Male) |
| 24:50 | Crear | Villager (Male) |
| 24:54 | Crear | Villager (Male) |
| 25:06 | Crear | Monk |
| 25:07 | Crear | Villager (Male) |
| 25:10 | Crear | Villager (Male) |
| 25:23 | Crear | Villager (Male) |
| 25:34 | Crear | Battering Ram |
| 25:56 | Crear | Monk |
| 25:56 | Crear | Villager (Male) |
| 26:02 | Crear | Villager (Male) |
| 26:29 | Crear | Villager (Male) |
Build order — LETHUY QB
120 acciones detectadas en el replay
| 0:20 | Construir | Town Center |
| 1:41 | Construir | House |
| 2:36 | Crear | Villager (Male) |
| 2:36 | Crear | Villager (Male) |
| 2:37 | Crear | Villager (Male) |
| 2:43 | Crear | Villager (Male) |
| 3:03 | Construir | Dock |
| 3:45 | Crear | Fishing Ship |
| 3:46 | Crear | Fishing Ship |
| 4:17 | Investigar | Loom |
| 4:32 | Crear | Fishing Ship |
| 4:32 | Crear | Fishing Ship |
| 4:51 | Construir | House |
| 4:56 | Crear | Villager (Male) |
| 4:56 | Crear | Villager (Male) |
| 4:56 | Crear | Villager (Male) |
| 5:29 | Crear | Villager (Male) |
| 5:29 | Crear | Villager (Male) |
| 5:52 | Crear | Fishing Ship |
| 5:52 | Crear | Fishing Ship |
| 5:53 | Crear | Villager (Male) |
| 5:53 | Crear | Villager (Male) |
| 6:24 | Construir | House |
| 6:29 | Crear | Villager (Male) |
| 6:48 | Crear | Villager (Male) |
| 6:48 | Crear | Villager (Male) |
| 7:05 | Crear | Fishing Ship |
| 7:05 | Crear | Fishing Ship |
| 7:15 | Crear | Villager (Male) |
| 7:15 | Crear | Villager (Male) |
| 7:17 | Crear | Villager (Male) |
| 7:17 | Crear | Villager (Male) |
| 7:30 | Construir | House |
| 7:45 | Crear | Fishing Ship |
| 7:46 | Crear | Fishing Ship |
| 7:47 | Crear | Villager (Male) |
| 7:47 | Crear | Villager (Male) |
| 8:13 | Crear | Villager (Male) |
| 8:13 | Crear | Villager (Male) |
| 8:23 | Crear | Fishing Ship |
| 8:23 | Crear | Fishing Ship |
| 8:42 | Crear | Villager (Male) |
| 8:43 | Crear | Villager (Male) |
| 8:43 | Crear | Villager (Male) |
| 8:46 | Crear | Villager (Male) |
| 8:46 | Crear | Villager (Male) |
| 8:59 | Crear | Villager (Male) |
| 8:59 | Crear | Villager (Male) |
| 9:08 | Crear | Fishing Ship |
| 9:08 | Crear | Fishing Ship |
| 9:08 | Crear | Fishing Ship |
| 9:10 | Crear | Villager (Male) |
| 9:10 | Crear | Villager (Male) |
| 9:22 | Construir | House |
| 9:59 | Construir | House |
| 10:08 | Crear | Fishing Ship |
| 10:17 | Construir | Lumber Camp |
| 11:22 | Construir | Dock |
| 11:30 | Crear | Villager (Male) |
| 11:38 | Investigar | Feudal Age |
| 12:15 | Construir | House |
| 12:41 | Construir | Mining Camp |
| 12:54 | Crear | Villager (Male) |
| 13:14 | Crear | Villager (Male) |
| 13:15 | Crear | Villager (Male) |
| 13:41 | Crear | Villager (Male) |
| 13:48 | Edad | Edad Feudal |
| 13:52 | Crear | Galley ×4 |
| 13:58 | Construir | Blacksmith |
| 14:45 | Investigar | Fletching |
| 14:54 | Crear | Villager (Male) |
| 15:02 | Crear | Villager (Male) |
| 15:04 | Construir | Mill |
| 15:04 | Crear | Villager (Male) |
| 15:10 | Construir | House |
| 15:17 | Crear | Galley ×2 |
| 15:20 | Crear | Villager (Male) |
| 15:45 | Crear | Villager (Male) |
| 15:45 | Crear | Villager (Male) |
| 15:54 | Construir | Market |
| 15:55 | Crear | Villager (Male) |
| 16:39 | Investigar | Castle Age |
| 16:39 | Investigar | Castle Age |
| 16:43 | Construir | House |
| 16:45 | Construir | House |
| 16:47 | Construir | House |
| 16:56 | Construir | Dock |
| 17:00 | Crear | Galley |
| 17:01 | Crear | Galley |
| 17:08 | Investigar | Double-Bit Axe |
| 17:08 | Investigar | Double-Bit Axe |
| 17:51 | Crear | Galley ×2 |
| 17:56 | Crear | Villager (Male) |
| 18:00 | Construir | House |
| 18:18 | Crear | Galley ×2 |
| 18:19 | Crear | Galley ×2 |
| 18:27 | Construir | House |
| 18:30 | Construir | Palisade Wall |
| 18:46 | Construir | House |
| 18:51 | Crear | Galley ×2 |
| 18:52 | Crear | Galley ×2 |
| 19:15 | Crear | Galley |
| 19:15 | Crear | Galley |
| 19:19 | Edad | Edad de los Castillos |
| 19:25 | Crear | Trade Cog |
| 19:25 | Crear | Trade Cog |
| 19:31 | Investigar | Bodkin Arrow |
| 19:31 | Investigar | Bodkin Arrow |
| 19:34 | Crear | Villager (Male) |
| 19:35 | Crear | Villager (Male) |
| 19:48 | Crear | Galley |
| 19:48 | Crear | Galley |
| 20:22 | Crear | Galley ×2 |
| 20:22 | Crear | Galley ×2 |
| 20:23 | Crear | Galley ×2 |
| 20:24 | Crear | Villager (Male) |
| 20:26 | Crear | Villager (Male) |
| 20:26 | Crear | Villager (Male) |
| 20:32 | Crear | Trade Cog |
| 20:32 | Crear | Trade Cog |
Build order — 30Markus
Primeras 150 de 151 acciones detectadas
| 0:07 | Construir | Town Center |
| 1:07 | Construir | Dock |
| 1:12 | Construir | House |
| 1:13 | Construir | Palisade Wall |
| 2:32 | Crear | Villager (Male) ×4 |
| 2:33 | Crear | Villager (Male) ×4 |
| 3:15 | Crear | Fishing Ship |
| 3:15 | Crear | Fishing Ship |
| 4:04 | Investigar | Loom |
| 4:08 | Crear | Villager (Male) |
| 4:26 | Investigar | Loom |
| 4:29 | Construir | House |
| 4:41 | Construir | House |
| 4:49 | Crear | Fishing Ship |
| 4:49 | Crear | Fishing Ship |
| 4:57 | Construir | House |
| 5:22 | Crear | Villager (Male) |
| 5:22 | Crear | Villager (Male) |
| 5:27 | Construir | House |
| 5:32 | Construir | House |
| 5:48 | Crear | Villager (Male) |
| 5:49 | Crear | Villager (Male) |
| 6:11 | Crear | Villager (Male) |
| 6:12 | Crear | Villager (Male) |
| 6:43 | Crear | Villager (Male) |
| 6:43 | Crear | Villager (Male) |
| 7:05 | Construir | House |
| 7:09 | Construir | Outpost |
| 7:14 | Crear | Villager (Male) |
| 7:32 | Crear | Fishing Ship |
| 7:59 | Crear | Villager (Male) |
| 8:13 | Construir | House |
| 8:34 | Construir | House |
| 8:52 | Crear | Villager (Male) |
| 8:52 | Crear | Villager (Male) |
| 9:08 | Construir | Lumber Camp |
| 9:13 | Crear | Villager (Male) |
| 9:38 | Crear | Villager (Male) |
| 10:02 | Investigar | Double-Bit Axe |
| 10:02 | Investigar | Double-Bit Axe |
| 10:08 | Crear | Fishing Ship |
| 10:30 | Crear | Villager (Male) |
| 10:30 | Crear | Villager (Male) |
| 10:45 | Crear | Villager (Male) |
| 10:45 | Crear | Villager (Male) |
| 10:57 | Construir | Dock |
| 11:02 | Crear | Fishing Ship |
| 11:03 | Crear | Fishing Ship |
| 11:35 | Crear | Fishing Ship |
| 11:36 | Crear | Fishing Ship |
| 11:45 | Investigar | Tech 906 |
| 11:47 | Crear | Villager (Male) |
| 11:52 | Crear | Villager (Male) |
| 11:56 | Construir | Mining Camp |
| 12:00 | Crear | Villager (Male) |
| 12:08 | Construir | House |
| 12:17 | Crear | Fishing Ship |
| 12:32 | Crear | Fishing Ship |
| 12:34 | Crear | Fishing Ship |
| 12:54 | Construir | House |
| 13:02 | Crear | Villager (Male) |
| 13:10 | Construir | House |
| 13:27 | Construir | House |
| 13:41 | Investigar | Feudal Age |
| 13:41 | Investigar | Feudal Age |
| 14:19 | Crear | Fishing Ship |
| 14:19 | Crear | Fishing Ship |
| 14:21 | Crear | Fishing Ship |
| 15:03 | Construir | Dock |
| 15:06 | Crear | Fishing Ship |
| 15:09 | Crear | Fishing Ship |
| 15:28 | Construir | Lumber Camp |
| 15:32 | Construir | Palisade Wall |
| 15:35 | Construir | House |
| 15:37 | Construir | House |
| 15:43 | Construir | Palisade Gate |
| 15:45 | Construir | Palisade Wall |
| 15:51 | Edad | Edad Feudal |
| 15:54 | Crear | Villager (Male) |
| 15:55 | Crear | Villager (Male) |
| 15:57 | Construir | Blacksmith |
| 16:06 | Construir | Mill |
| 16:49 | Crear | Villager (Male) |
| 16:50 | Construir | Market |
| 17:25 | Construir | Lumber Camp |
| 17:30 | Construir | Farm |
| 17:40 | Construir | Watch Tower |
| 17:56 | Investigar | Castle Age |
| 17:56 | Investigar | Castle Age |
| 18:00 | Investigar | Bow Saw |
| 18:00 | Investigar | Bow Saw |
| 18:09 | Construir | House |
| 18:18 | Investigar | Fletching |
| 18:18 | Investigar | Fletching |
| 18:43 | Construir | Farm |
| 18:46 | Construir | Farm |
| 18:51 | Investigar | Horse Collar |
| 19:00 | Construir | Watch Tower |
| 19:49 | Construir | Farm |
| 20:12 | Construir | Barracks |
| 20:15 | Crear | Villager (Male) |
| 20:16 | Crear | Villager (Male) |
| 20:25 | Construir | House |
| 20:26 | Construir | House |
| 20:36 | Edad | Edad de los Castillos |
| 20:39 | Construir | Siege Workshop |
| 21:05 | Crear | Flemish Militia |
| 21:05 | Crear | Flemish Militia |
| 21:05 | Crear | Flemish Militia |
| 21:05 | Crear | Flemish Militia |
| 21:24 | Investigar | Squires |
| 21:26 | Investigar | Scale Mail Armor |
| 21:26 | Investigar | Forging |
| 21:29 | Crear | Mangonel |
| 21:30 | Crear | Mangonel |
| 21:56 | Crear | Villager (Male) |
| 21:57 | Crear | Villager (Male) |
| 21:57 | Crear | Villager (Male) |
| 22:01 | Investigar | Wheelbarrow |
| 22:29 | Investigar | Arson |
| 22:29 | Investigar | Arson |
| 23:14 | Construir | Farm |
| 23:36 | Crear | Villager (Male) |
| 23:36 | Crear | Villager (Male) |
| 23:36 | Crear | Villager (Male) |
| 23:39 | Investigar | Hand Cart |
| 23:47 | Construir | Farm |
| 23:57 | Crear | Villager (Male) |
| 23:57 | Crear | Villager (Male) |
| 23:57 | Crear | Villager (Male) |
| 24:20 | Crear | Flemish Militia |
| 24:20 | Crear | Flemish Militia |
| 24:21 | Crear | Flemish Militia |
| 24:52 | Crear | Battering Ram |
| 24:53 | Crear | Battering Ram |
| 25:09 | Crear | Flemish Militia |
| 25:09 | Crear | Flemish Militia |
| 25:21 | Construir | Farm |
| 25:44 | Construir | Lumber Camp |
| 26:06 | Construir | Watch Tower |
| 26:27 | Investigar | Chain Mail Armor |
| 26:28 | Investigar | Iron Casting |
| 26:28 | Crear | Villager (Male) |
| 26:29 | Crear | Villager (Male) |
| 26:59 | Crear | Battering Ram |
| 27:01 | Crear | Flemish Militia |
| 27:01 | Crear | Flemish Militia |
| 27:17 | Construir | Dock |
| 28:08 | Crear | Villager (Male) |
| 28:09 | Crear | Villager (Male) |
Build order — ....
148 acciones detectadas en el replay
| 0:06 | Construir | Town Center |
| 2:10 | Construir | Dock |
| 2:13 | Construir | House |
| 2:30 | Crear | Villager (Male) |
| 2:30 | Crear | Villager (Male) |
| 2:31 | Crear | Villager (Male) |
| 2:31 | Crear | Villager (Male) |
| 2:31 | Crear | Villager (Male) |
| 3:13 | Construir | House |
| 3:30 | Construir | House |
| 4:12 | Crear | Villager (Male) |
| 4:12 | Crear | Villager (Male) |
| 4:19 | Crear | Fishing Ship |
| 4:19 | Crear | Fishing Ship |
| 4:36 | Crear | Villager (Male) |
| 4:52 | Construir | House |
| 5:07 | Crear | Villager (Male) |
| 5:07 | Crear | Villager (Male) |
| 5:15 | Construir | House |
| 5:41 | Crear | Villager (Male) |
| 5:42 | Crear | Villager (Male) |
| 5:56 | Crear | Fishing Ship |
| 6:16 | Crear | Villager (Male) |
| 6:16 | Crear | Villager (Male) |
| 6:21 | Construir | House |
| 6:30 | Construir | Palisade Wall |
| 6:31 | Construir | Palisade Wall |
| 6:34 | Crear | Villager (Male) |
| 6:48 | Crear | Fishing Ship |
| 6:49 | Crear | Fishing Ship |
| 7:03 | Crear | Villager (Male) |
| 7:03 | Crear | Villager (Male) |
| 7:10 | Construir | House |
| 7:28 | Crear | Villager (Male) |
| 7:28 | Crear | Villager (Male) |
| 7:32 | Construir | House |
| 7:56 | Construir | Palisade Wall |
| 7:58 | Crear | Villager (Male) |
| 7:58 | Crear | Villager (Male) |
| 7:59 | Crear | Fishing Ship |
| 8:09 | Construir | House |
| 8:11 | Construir | House |
| 8:25 | Crear | Villager (Male) |
| 8:25 | Crear | Villager (Male) |
| 8:50 | Construir | Dock |
| 8:58 | Crear | Villager (Male) |
| 8:58 | Crear | Villager (Male) |
| 8:59 | Crear | Villager (Male) |
| 9:03 | Construir | House |
| 9:10 | Construir | House |
| 9:15 | Construir | Palisade Wall |
| 9:31 | Crear | Fishing Ship |
| 9:31 | Crear | Fishing Ship |
| 9:34 | Crear | Villager (Male) |
| 9:51 | Construir | Lumber Camp |
| 9:59 | Crear | Villager (Male) |
| 10:13 | Crear | Villager (Male) |
| 10:33 | Crear | Fishing Ship |
| 10:33 | Crear | Fishing Ship |
| 10:37 | Crear | Fishing Ship |
| 10:43 | Construir | House |
| 10:46 | Crear | Villager (Male) |
| 11:07 | Crear | Villager (Male) |
| 11:20 | Construir | Mining Camp |
| 11:23 | Crear | Villager (Male) |
| 11:24 | Investigar | Loom |
| 11:37 | Crear | Fishing Ship |
| 11:37 | Crear | Fishing Ship |
| 12:01 | Crear | Villager (Male) |
| 12:06 | Construir | Mining Camp |
| 12:54 | Construir | Mill |
| 12:54 | Investigar | Feudal Age |
| 12:55 | Investigar | Feudal Age |
| 13:11 | Crear | Fishing Ship |
| 13:12 | Crear | Fishing Ship |
| 13:25 | Construir | House |
| 13:35 | Construir | Mill |
| 14:08 | Construir | Outpost |
| 14:22 | Crear | Fishing Ship |
| 14:31 | Crear | Villager (Male) |
| 14:32 | Crear | Villager (Male) |
| 14:45 | Crear | Fishing Ship |
| 15:04 | Edad | Edad Feudal |
| 15:15 | Construir | Market |
| 15:18 | Construir | Blacksmith |
| 15:50 | Construir | Stone Wall |
| 15:53 | Construir | Stone Wall |
| 15:54 | Construir | Stone Wall |
| 15:57 | Investigar | Castle Age |
| 17:01 | Construir | Stone Wall |
| 17:04 | Construir | Stone Wall |
| 17:22 | Crear | Fire Galley |
| 17:22 | Crear | Fire Galley |
| 17:49 | Construir | House |
| 17:59 | Construir | House |
| 18:29 | Investigar | Padded Archer Armor |
| 18:33 | Crear | Villager (Male) |
| 18:37 | Edad | Edad de los Castillos |
| 18:52 | Construir | Castle |
| 19:03 | Crear | Villager (Male) |
| 19:04 | Crear | Villager (Male) |
| 19:07 | Investigar | Double-Bit Axe |
| 19:07 | Investigar | Double-Bit Axe |
| 19:27 | Construir | Dock |
| 19:33 | Crear | Villager (Male) |
| 19:33 | Crear | Villager (Male) |
| 19:58 | Crear | Conquistador |
| 19:59 | Crear | Conquistador |
| 20:15 | Crear | Villager (Male) |
| 20:15 | Crear | Villager (Male) |
| 20:28 | Crear | Conquistador |
| 20:29 | Crear | Conquistador |
| 20:49 | Crear | Villager (Male) |
| 20:49 | Crear | Villager (Male) |
| 21:08 | Crear | Villager (Male) |
| 21:13 | Crear | Conquistador |
| 21:21 | Crear | Villager (Male) |
| 21:26 | Investigar | Leather Archer Armor |
| 21:40 | Construir | Siege Workshop |
| 21:43 | Crear | Conquistador |
| 21:45 | Crear | Villager (Male) |
| 21:56 | Construir | House |
| 22:01 | Crear | Villager (Male) |
| 22:15 | Crear | Conquistador |
| 22:55 | Crear | Battering Ram |
| 22:58 | Crear | Conquistador |
| 22:58 | Crear | Conquistador |
| 22:59 | Crear | Villager (Male) |
| 23:00 | Crear | Villager (Male) |
| 23:10 | Investigar | Tech 906 |
| 23:17 | Crear | Conquistador |
| 23:32 | Crear | Villager (Male) |
| 23:40 | Crear | Conquistador |
| 23:48 | Investigar | Gold Mining |
| 23:59 | Crear | Villager (Male) |
| 24:07 | Crear | Scorpion |
| 24:15 | Construir | House |
| 25:00 | Crear | Mangonel |
| 25:07 | Crear | Conquistador |
| 25:07 | Crear | Conquistador |
| 25:07 | Crear | Conquistador |
| 25:08 | Crear | Villager (Male) |
| 25:08 | Crear | Villager (Male) |
| 25:23 | Crear | Villager (Male) |
| 25:23 | Crear | Villager (Male) |
| 26:27 | Construir | Castle |
| 26:30 | Crear | Conquistador |
| 27:53 | Construir | Mill |
Build order — Pyrrhos
Primeras 150 de 185 acciones detectadas
| 0:02 | Construir | Town Center |
| 0:36 | Construir | Dock |
| 0:38 | Construir | House |
| 2:25 | Crear | Villager (Male) |
| 2:25 | Crear | Villager (Male) |
| 2:26 | Crear | Villager (Male) |
| 2:26 | Crear | Villager (Male) |
| 3:15 | Crear | Fishing Ship |
| 3:38 | Crear | Villager (Male) |
| 4:08 | Construir | House |
| 4:31 | Crear | Villager (Male) |
| 4:49 | Crear | Villager (Male) |
| 5:18 | Crear | Villager (Male) |
| 5:30 | Construir | House |
| 5:31 | Construir | Palisade Wall |
| 5:32 | Construir | Palisade Wall |
| 5:35 | Crear | Fishing Ship |
| 5:42 | Crear | Villager (Male) |
| 6:09 | Construir | House |
| 6:12 | Crear | Villager (Male) |
| 6:20 | Crear | Fishing Ship |
| 6:21 | Crear | Fishing Ship |
| 6:42 | Crear | Villager (Male) |
| 6:56 | Crear | Fishing Ship |
| 6:59 | Crear | Villager (Male) |
| 7:15 | Crear | Villager (Male) |
| 7:42 | Crear | Fishing Ship |
| 7:46 | Construir | House |
| 7:47 | Crear | Villager (Male) |
| 7:59 | Crear | Villager (Male) |
| 8:17 | Crear | Fishing Ship |
| 8:24 | Crear | Villager (Male) |
| 8:39 | Crear | Villager (Male) |
| 8:55 | Construir | Mill |
| 8:59 | Crear | Villager (Male) |
| 9:15 | Crear | Villager (Male) |
| 9:25 | Crear | Fishing Ship |
| 9:25 | Crear | Fishing Ship |
| 9:35 | Construir | House |
| 9:50 | Construir | Palisade Wall |
| 9:52 | Crear | Villager (Male) |
| 9:58 | Crear | Villager (Male) |
| 10:03 | Crear | Fishing Ship |
| 10:07 | Crear | Villager (Male) |
| 10:33 | Construir | Palisade Wall |
| 10:35 | Crear | Villager (Male) |
| 10:37 | Crear | Fishing Ship |
| 10:49 | Construir | Palisade Wall |
| 10:50 | Crear | Villager (Male) |
| 11:03 | Crear | Fishing Ship |
| 11:07 | Construir | Palisade Wall |
| 11:07 | Construir | Palisade Wall |
| 11:09 | Crear | Villager (Male) |
| 11:26 | Construir | Mining Camp |
| 11:34 | Construir | Palisade Wall |
| 11:37 | Construir | House |
| 11:56 | Investigar | Feudal Age |
| 12:05 | Construir | Palisade Wall |
| 12:17 | Construir | Palisade Wall |
| 12:23 | Investigar | Loom |
| 12:50 | Construir | Palisade Wall |
| 12:55 | Construir | Palisade Wall |
| 13:01 | Crear | Villager (Male) |
| 13:06 | Construir | Palisade Wall |
| 13:10 | Construir | Mill |
| 13:12 | Crear | Fishing Ship |
| 13:12 | Crear | Fishing Ship |
| 13:20 | Construir | Palisade Wall |
| 13:28 | Construir | Dock |
| 13:42 | Construir | Palisade Wall |
| 14:06 | Edad | Edad Feudal |
| 14:10 | Construir | Market |
| 14:14 | Construir | Blacksmith |
| 15:16 | Investigar | Castle Age |
| 15:23 | Construir | Barracks |
| 16:03 | Construir | Archery Range |
| 16:21 | Construir | Lumber Camp |
| 16:27 | Investigar | Fletching |
| 16:38 | Crear | Archer |
| 16:38 | Crear | Archer |
| 16:46 | Investigar | Double-Bit Axe |
| 17:03 | Crear | Villager (Male) |
| 17:16 | Crear | Archer |
| 17:36 | Construir | House |
| 17:41 | Crear | Archer |
| 17:55 | Crear | Archer |
| 17:56 | Edad | Edad de los Castillos |
| 18:09 | Investigar | Bodkin Arrow |
| 18:22 | Investigar | Crossbowman (upgrade) |
| 18:25 | Crear | Villager (Male) |
| 18:42 | Construir | Town Center |
| 18:46 | Crear | Archer |
| 18:48 | Crear | Villager (Male) |
| 18:51 | Crear | Archer |
| 18:53 | Crear | Archer |
| 19:05 | Crear | Villager (Male) |
| 19:46 | Crear | Archer |
| 19:47 | Crear | Archer |
| 20:00 | Crear | Archer |
| 20:01 | Crear | Villager (Male) |
| 20:17 | Investigar | Bow Saw |
| 20:20 | Investigar | Tech 906 |
| 20:27 | Construir | House |
| 20:40 | Construir | University |
| 20:41 | Crear | Villager (Male) |
| 20:42 | Crear | Archer |
| 20:53 | Crear | Archer |
| 20:56 | Crear | Archer |
| 21:15 | Construir | House |
| 21:17 | Crear | Archer |
| 21:22 | Crear | Archer |
| 21:24 | Crear | Villager (Male) |
| 21:24 | Crear | Villager (Male) |
| 21:25 | Crear | Villager (Male) |
| 21:26 | Crear | Archer |
| 21:31 | Construir | Archery Range |
| 21:34 | Crear | Archer |
| 21:38 | Investigar | Padded Archer Armor |
| 21:39 | Crear | Archer |
| 21:40 | Crear | Archer |
| 21:50 | Investigar | Ballistics |
| 21:55 | Crear | Archer |
| 22:00 | Crear | Archer |
| 22:05 | Construir | House |
| 22:05 | Construir | House |
| 22:06 | Crear | Archer |
| 22:14 | Crear | Villager (Male) |
| 22:15 | Crear | Villager (Male) |
| 22:39 | Crear | Archer |
| 22:40 | Crear | Villager (Male) |
| 22:42 | Crear | Archer |
| 22:49 | Crear | Archer |
| 22:53 | Construir | Siege Workshop |
| 22:58 | Crear | Archer |
| 23:03 | Crear | Archer |
| 23:06 | Crear | Archer |
| 23:12 | Crear | Villager (Male) |
| 23:12 | Crear | Villager (Male) |
| 23:12 | Crear | Villager (Male) |
| 23:12 | Crear | Villager (Male) |
| 23:13 | Crear | Villager (Male) |
| 23:18 | Crear | Archer |
| 23:19 | Crear | Villager (Male) |
| 23:34 | Crear | Mangonel |
| 23:45 | Crear | Archer |
| 23:48 | Crear | Archer |
| 24:14 | Construir | House |
| 24:14 | Construir | House |
| 24:15 | Construir | House |
| 24:15 | Crear | Archer |
Cronología de la partida
| 0:31 | Kaarlos · first_building Dock |
| 0:36 | Pyrrhos · first_building Dock |
| 1:00 | Croccia · first_building Dock |
| 1:07 | 30Markus · first_building Dock |
| 1:13 | 30Markus · wall_segment Palisade Wall x1 |
| 1:18 | weski · first_building Dock |
| 1:20 | Croccia · wall_segment Palisade Wall x1 |
| 1:52 | ARKINE · first_building Dock |
| 2:10 | .... · first_building Dock |
| 3:03 | LETHUY QB · first_building Dock |
| 5:31 | Pyrrhos · wall_segment Palisade Wall x1 |
| 5:32 | Pyrrhos · wall_segment Palisade Wall x1 |
| 6:30 | .... · wall_segment Palisade Wall x7 |
| 6:31 | .... · wall_segment Palisade Wall x6 |
| 7:56 | .... · wall_segment Palisade Wall x5 |
| 9:08 | ARKINE · wall_segment Palisade Wall x1 |
| 9:09 | ARKINE · wall_segment Palisade Wall x1 |
| 9:10 | ARKINE · wall_segment Palisade Wall x1 |
| 9:15 | .... · wall_segment Palisade Wall x5 |
| 9:50 | Pyrrhos · wall_segment Palisade Wall x14 |
| 10:33 | Pyrrhos · wall_segment Palisade Wall x4 |
| 10:46 | ARKINE · wall_segment Palisade Wall x3 |
| 10:49 | Pyrrhos · wall_segment Palisade Wall x6 |
| 10:50 | ARKINE · wall_segment Palisade Wall x2 |
| 11:07 | Pyrrhos · wall_segment Palisade Wall x1 |
| 11:07 | Pyrrhos · wall_segment Palisade Wall x1 |
| 11:31 | ARKINE · wall_segment Palisade Wall x8 |
| 11:34 | Pyrrhos · wall_segment Palisade Wall x5 |
| 11:56 | Croccia · wall_segment Palisade Wall x6 |
| 12:05 | Pyrrhos · wall_segment Palisade Wall x7 |
| 12:17 | Pyrrhos · wall_segment Palisade Wall x2 |
| 12:25 | ARKINE · age_up feudal |
| 12:42 | Croccia · age_up feudal |
| 12:50 | Pyrrhos · wall_segment Palisade Wall x7 |
| 12:55 | Pyrrhos · wall_segment Palisade Wall x1 |
| 13:03 | weski · age_up feudal |
| 13:04 | Kaarlos · age_up feudal |
| 13:06 | Pyrrhos · wall_segment Palisade Wall x8 |
| 13:08 | ARKINE · wall_segment Palisade Wall x7 |
| 13:16 | Croccia · wall_segment Palisade Wall x8 |
| 13:20 | Pyrrhos · wall_segment Palisade Wall x4 |
| 13:23 | Croccia · wall_segment Palisade Wall x7 |
| 13:39 | Croccia · first_market_sell 100 food |
| 13:42 | Pyrrhos · wall_segment Palisade Wall x6 |
| 13:48 | LETHUY QB · age_up feudal |
| 13:59 | weski · wall_segment Stone Wall x7 |
| 14:06 | Pyrrhos · age_up feudal |
| 14:25 | ARKINE · wall_segment Palisade Wall x1 |
| 15:03 | Pyrrhos · first_market_sell 100 stone |
| 15:04 | .... · age_up feudal |
| 15:05 | Pyrrhos · first_market_buy 100 food |
| 15:07 | Croccia · wall_segment Palisade Wall x8 |
| 15:23 | Pyrrhos · first_building Barracks |
| 15:32 | 30Markus · wall_segment Palisade Wall x5 |
| 15:45 | 30Markus · wall_segment Palisade Wall x1 |
| 15:50 | .... · wall_segment Stone Wall x2 |
| 15:51 | 30Markus · age_up feudal |
| 15:53 | .... · wall_segment Stone Wall x2 |
| 15:54 | .... · wall_segment Stone Wall x4 |
| 16:03 | Pyrrhos · first_building Archery Range |
| 16:19 | Croccia · age_up castle |
| 16:31 | weski · wall_segment Stone Wall x1 |
| 16:31 | weski · wall_segment Stone Wall x1 |
| 16:33 | weski · wall_segment Stone Wall x1 |
| 16:33 | weski · wall_segment Stone Wall x1 |
| 16:48 | weski · age_up castle |
| 16:49 | Croccia · first_building Castle |
| 16:51 | Croccia · wall_segment Palisade Wall x1 |
| 16:51 | Kaarlos · wall_segment Palisade Wall x1 |
| 17:01 | .... · wall_segment Stone Wall x7 |
| 17:04 | .... · wall_segment Stone Wall x6 |
| 17:09 | Kaarlos · first_market_sell 100 stone |
| 17:11 | Kaarlos · first_market_buy 100 food |
| 17:54 | ARKINE · wall_segment Palisade Wall x6 |
| 17:56 | Pyrrhos · age_up castle |
| 18:20 | ARKINE · wall_segment Palisade Wall x1 |
| 18:30 | LETHUY QB · wall_segment Palisade Wall x8 |
| 18:36 | Kaarlos · wall_segment Stone Wall x1 |
| 18:37 | Kaarlos · wall_segment Stone Wall x1 |
| 18:37 | .... · age_up castle |
| 18:38 | Kaarlos · wall_segment Stone Wall x1 |
| 18:39 | weski · first_market_sell 100 food |
| 18:40 | Kaarlos · wall_segment Stone Wall x1 |
| 18:46 | .... · first_market_buy 100 stone |
| 18:52 | .... · first_building Castle |
| 18:54 | Kaarlos · wall_segment Stone Wall x8 |
| 18:59 | 30Markus · first_market_buy 100 stone |
| 19:08 | ARKINE · first_building Siege Workshop |
| 19:10 | Croccia · wall_segment Palisade Wall x15 |
| 19:19 | LETHUY QB · age_up castle |
| 19:46 | Croccia · first_market_buy 100 food |
| 20:03 | Kaarlos · age_up castle |
| 20:12 | 30Markus · first_building Barracks |
| 20:14 | Kaarlos · first_building Castle |
| 20:36 | 30Markus · age_up castle |
| 20:39 | 30Markus · first_building Siege Workshop |
| 20:47 | ARKINE · wall_segment Palisade Wall x1 |
| 20:57 | LETHUY QB · resign |
| 21:13 | 30Markus · first_market_sell 500 food |
| 21:15 | Croccia · first_building Siege Workshop |
| 21:40 | .... · first_building Siege Workshop |
| 22:09 | ARKINE · wall_segment Palisade Wall x1 |
| 22:10 | ARKINE · wall_segment Palisade Wall x1 |
| 22:12 | ARKINE · wall_segment Palisade Wall x1 |
| 22:52 | .... · first_market_sell 100 food |
| 22:53 | Pyrrhos · first_building Siege Workshop |
| 23:01 | Croccia · first_building Monastery |
| 23:12 | weski · wall_segment Stone Wall x11 |
| 24:09 | weski · first_market_buy 100 food |
| 24:39 | weski · wall_segment Stone Wall x11 |
| 24:44 | weski · wall_segment Stone Wall x8 |
| 26:07 | ARKINE · wall_segment Palisade Wall x1 |
| 26:38 | weski · first_building Barracks |
| 27:30 | weski · first_building Castle |
[ ANÁLISIS IA · 1 CRÉDITO ]
¿Qué pasó realmente en esta partida?
Wolo.gg analiza cada decisión: build order, eco, micro, errores típicos por bracket. Análisis personalizado por WhatsApp o Discord en 30 segundos.
Guía civ
Chinos
Perfil
Jugador #4898699